 Dungeon Crawl Stone Soup version 0.21.1-1-g345015fe64 (webtiles) character file.

74 Khress the Shield-Bearer (level 4, -1/40 HPs)
             Began as a Hill Orc Fighter on Feb 13, 2018.
             Slain by a gnoll
             ... wielding a cursed -2 halberd
              (8 damage)
             ... on level 3 of the Dungeon.
             The game lasted 00:19:18 (1773 turns).

Khress the Shield-Bearer (Hill Orc Fighter)         Turns: 1773, Time: 00:19:18

Health: -1/40      AC: 11    Str: 24    XL:     4   Next: 28%
Magic:  4/4        EV: 10    Int:  8    God:
Gold:   106        SH:  6    Dex: 10    Spells: 3/3 levels left

rFire    . . .     SeeInvis .   a - +0 rapier
rCold    . . .     Gourm    .   z - +2 buckler
rNeg     . . .     Faith    .   b - +0 scale mail
rPois    .         Spirit   .   h - +0 helmet
rElec    .         Reflect  .   r - +2 cloak
rCorr    .         Harm     .   (no gloves)
MR       .....                  (no boots)
Stlth    ..........             (no amulet)
HPRegen  0.13/turn              e - +5 ring of strength (curse)
MPRegen  0.09/turn              (no ring)

@: no status effects
A: no striking features
a: no special abilities


You were on level 3 of the Dungeon.
You were not hungry.

You visited 1 branch of the dungeon, and saw 3 of its levels.

You collected 106 gold pieces.

Inventory:

Hand Weapons
 a - a +0 rapier (weapon)
 j - a +0 spear {test}
 k - a cursed -1 dagger
 m - a +0 hunting sling
 s - a +0 whip
 x - a +0 mace
Missiles
 l - 25 poisoned needles (quivered)
 n - 14 bolts
 q - 17 arrows
 v - 37 stones
Armour
 b - a +0 scale mail (worn)
 c - a +0 shield
 h - a +0 helmet (worn)
 r - a +2 cloak (worn)
 z - a +2 buckler (worn)
Jewellery
 e - a cursed +5 ring of strength (left hand)
Scrolls
 g - 3 scrolls of identify {unknown}
 o - 4 scrolls of remove curse {unknown}
 p - 2 scrolls of teleportation {unknown}
 w - a scroll of fear {unknown}
 y - a scroll of enchant weapon {unknown}
Potions
 d - 2 potions of might
 i - 2 potions of curing {unknown}
 u - a potion of agility {unknown}
Comestibles
 f - 3 rations


   Skills:
 + Level 4.0 Fighting
 + Level 2.6 Short Blades
 + Level 4.0 Armour
 + Level 0.2 Dodging
 + Level 4.1 Shields


You had 3 spell levels left.
You didn't know any spells.

Dungeon Overview and Level Annotations

Branches:
Dungeon (3/15)

Altars:
Cheibriados
Vehumet

Annotations:
D:3 Harunobu's ghost, amateur TrFi


Message History

The gnoll hits you from afar with a spear of flaming.
* * * LOW HITPOINT WARNING * * *
The gnoll burns you.
* * * LOW HITPOINT WARNING * * *
The gnoll hits you but does no damage. The hobgoblin barely misses you.
The adder bites you but does no damage.
You are too injured to fight recklessly!
(D) Dungeon
Where to? (Enter - D:1 @ (x,y), ? - help)
What level of the Dungeon? (default 1, ? - help)
There are monsters nearby!
Unknown command.
Unknown command.
Drop what? 25/52 slots (_ for help) (? for menu, Esc to quit)
Okay, then.
You closely miss the adder.
The adder is almost dead.
You block the gnoll's attack.
The gnoll hits you from afar with a halberd!
You die...

. .### ../ #..
#.#######
#gS@#...##
#.#.g....##.#
..
#ggg....#.##..
#.#
#lK.....#..#.#
..
#....$...#...
. ##?....#.^.#
##.........#
#..........#
#.......#..#


You could see 3 gnolls, an adder, 2 hobgoblins, a kobold and a frilled lizard.

Vanquished Creatures
  A gnoll (D:3)
  2 adders (D:2)
  A worm (D:2)
  2 dart slugs
  3 leopard geckos (D:1)
  4 bats
  3 giant cockroaches
  5 hobgoblins
  8 kobolds
  2 frilled lizards
  3 goblins
  4 rats (D:1)
38 creatures vanquished.

Notes
Turn   | Place    | Note
-------+----------+-------------------------------------------
     0 | D:1      | Khress the Hill Orc Fighter began the quest for the Orb.
     0 | D:1      | Reached XP level 1. HP: 19/19 MP: 1/1
    70 | D:1      | Reached XP level 2. HP: 22/27 MP: 2/2
   712 | D:1      | Reached XP level 3. HP: 33/33 MP: 3/3
  1484 | D:2      | Found a radiant altar of Vehumet.
  1556 | D:2      | Reached XP level 4. HP: 40/40 MP: 4/4
  1611 | D:2      | Found a snail-covered altar of Cheibriados.
  1744 | D:3      | Noticed Harunobu's ghost (amateur TrFi)
  1773 | D:3      | Slain by a gnoll

Skill      XL: |  1  2  3  4 |
---------------+-------------+-----
Fighting       | 4 |  4.0
Armour         | 4 |  4.0
Shields        | 4 |  4.1
Short Blades   | |  2.6
Dodging        | |  0.2

Action                   |  1- 3 |  4- 6 || total
-------------------------+-------+-------++-------
Melee: Rapier            |   131 |    35 ||   166
  Eat: Ration            |     1 |       ||     1
       Chunk             |     1 |       ||     1
Armor: Scale mail        |    50 |    35 ||    85
Dodge: Dodged            |    37 |    54 ||    91
Block: Shield            |    64 |       ||    64
       Buckler           |     1 |    33 ||    34
